 Dungeon Crawl Stone Soup version 0.23-a0-480-g1869896 (webtiles) character file.

172 theanonym the Cudgeler (level 5, -6/41 HPs)
             Began as a Mummy Warper on Nov 28, 2018.
             Was an Initiate of Ru.
             Mangled by an iguana (11 damage)
             ... on level 4 of the Dungeon.
             The game lasted 00:05:02 (4120 turns).

theanonym the Cudgeler (Mummy Warper)               Turns: 4120, Time: 00:05:02

Health: -6/41      AC:  5    Str: 15    XL:     5   Next: 27%
Magic:  9/9        EV: 11    Int: 12    God:    Ru [......]
Gold:   126        SH:  0    Dex: 12    Spells: 9/9 levels left

rFire    x . .     SeeInvis .   e - +1 flail
rCold    + . .     Gourm    .   (no shield)
rNeg     + + +     Faith    .   c - +0 ring mail
rPois    ∞         Spirit   .   (no helmet)
rElec    .         Reflect  .   (no cloak)
rCorr    .         Harm     .   (no gloves)
MR       .....                  (no boots)
Stlth    +.........             i - amulet of inaccuracy (curse)
HPRegen  0.13/turn              (no ring)
MPRegen  0.11/turn              (no ring)

@: very slightly contaminated
A: no food or potions, fire vulnerability, cold resistance 1, negative energy
resistance 3, torment resistance, unbreathing
a: Renounce Religion


Innate Abilities, Weirdness & Mutations

You do not eat or drink.
Your flesh is vulnerable to fire.
You are immune to poison.
Your flesh is cold resistant. (rC+)
You are immune to negative energy. (rN+++)
You are immune to unholy pain and torment.
You can survive without breathing.


   Skills:
 + Level 3.5 Fighting
 * Level 3.8 Maces & Flails
 - Level 0.7 Throwing
 - Level 0.7 Armour
 - Level 1.5 Dodging
 - Level 2.6 Spellcasting
   Level 2.4 Translocations


You had 9 spell levels left.
You didn't know any spells.
Your spell library contained the following spells:

 Spells                   Type           Power        Failure   Level  Hunger
 Blink                    Tloc           N/A          28%         2    N/A
 Shroud of Golubria       Chrm/Tloc      #.........   43%         2    N/A
 Gell's Gravitas          Tloc           #.........   50%         3    N/A
 Lesser Beckoning         Tloc           #.........   50%         3    N/A
 Teleport Other           Tloc           #.......     50%         3    N/A
 Passage of Golubria      Tloc           N/A          88%         4    N/A

Skill      XL: |  1  2  3  4 |
---------------+-------------+-----
Maces & Flails | 2 3 |  3.8
Fighting       | 3 |  3.5
Throwing       | |  0.7
Armour         | |  0.7
Dodging        | |  1.5
Spellcasting   | |  2.6
Translocations | |  2.4

Action                   |  1- 3 |  4- 6 || total
-------------------------+-------+-------++-------
Melee: Mace              |   136 |   168 ||   304
       Flail             |       |    37 ||    37
Throw: Tomahawk          |     4 |     8 ||    12
  Use: Scroll            |     3 |     2 ||     5
Armor: Leather armour    |     5 |       ||     5
       Ring mail         |    62 |    67 ||   129
Dodge: Dodged            |    87 |   150 ||   237

Inventory:

Hand Weapons
 a - a +0 mace
 e - a +1 flail (weapon)
   (You took it off an orc on level 3 of the Dungeon)
Missiles
 d - 5 tomahawks (quivered)
Armour
 b - a +0 leather armour
 c - a +0 ring mail (worn)
   (You found it on level 1 of the Dungeon)
Jewellery
 i - a cursed amulet of inaccuracy (around neck)
   (You found it on level 2 of the Dungeon)
Scrolls
 f - a scroll of immolation
 g - 2 scrolls of amnesia
 r - 2 scrolls of identify
 y - 2 scrolls of magic mapping


You were on level 4 of the Dungeon.
You worshipped Ru.
Ru was noncommittal.
You were not hungry.

You visited 1 branch of the dungeon, and saw 4 of its levels.

You collected 126 gold pieces.

Dungeon Overview and Level Annotations

Branches:
Dungeon (4/15)
 Temple: D:4-7

Altars:
Ashenzari
Makhleb
Ru

Annotations:
D:2 Natasha
D:3 Sigmund

# ###. .....
.....!###
###########
#.%@####........§#
####lh...<...#####
###.....###
##....# ##.....##
#.......#
#.......#
#..####..# #.#
##.##


You could see an iguana and a jackal.

Notes
Turn   | Place    | Note
-------+----------+-------------------------------------------
     0 | D:1      | theanonym the Mummy Warper began the quest for the Orb.
     0 | D:1      | Reached XP level 1. HP: 16/16 MP: 4/4
    51 | D:1      | HP: 7/16 [kobold (3)]
   265 | D:1      | Reached skill level 2 in Maces & Flails
   301 | D:1      | Reached XP level 2. HP: 14/22 MP: 5/5
   964 | D:2      | Reached XP level 3. HP: 28/28 MP: 7/7
  1076 | D:2      | HP: 14/28 [adder (1)]
  1081 | D:2      | HP: 11/28 [adder (2)]
  1096 | D:2      | HP: 12/28 [goblin (1)]
  1101 | D:2      | HP: 6/28 [goblin (2)]
  1221 | D:2      | HP: 13/28 [adder (4)]
  1230 | D:2      | Reached skill level 3 in Maces & Flails
  1504 | D:2      | Noticed Natasha
  1548 | D:2      | HP: 9/28 [Natasha/magic dart (10)]
  1853 | D:2      | Reached XP level 4. HP: 24/34 MP: 8/8
  1955 | D:2      | Found a sacrificial altar of Ru.
  1955 | D:2      | Found a burning altar of Makhleb.
  1981 | D:2      | Became a worshipper of Ru the Awakened
  2011 | D:2      | Reached skill level 3 in Fighting
  2566 | D:2      | HP: 13/35 [worm (6)]
  2568 | D:2      | HP: 5/35 [worm (8)]
  3023 | D:2      | HP: 16/35 [orc/+0 whip (6)]
  3254 | D:3      | Reached XP level 5. HP: 26/41 MP: 9/9
  3409 | D:3      | Found a shattered altar of Ashenzari.
  3506 | D:3      | HP: 17/41 [orc/+0 hand axe (5)]
  3516 | D:3      | HP: 3/41 [orc/+0 hand axe (8)]
  4036 | D:3      | Noticed Sigmund
  4102 | D:4      | HP: 20/41 [iguana (7)]
  4104 | D:4      | HP: 4/41 [iguana (7)]
  4115 | D:4      | HP: 4/41 [ooze (1)]
  4120 | D:4      | Mangled by an iguana

Vanquished Creatures
  An orc priest (D:3)
  6 adders
  3 oozes
  A worm (D:2)
  A dart slug (D:2)
  A leopard gecko (D:3)
  9 orcs
  5 bats
  A giant cockroach (D:2)
  4 goblins
  7 hobgoblins
  2 jackals (D:4)
  A quokka (D:2)
  3 ball pythons
  7 frilled lizards
  4 kobolds
  11 rats
67 creatures vanquished.

Table legend:
 A = Turns spent in this place as a percentage of turns spent in the entire game.
 B = Non-inter-level travel turns spent in this place as a percentage of non-inter-level travel turns spent in the entire game.
 C = Inter-level travel turns spent in this place as a percentage of turns spent in this place.
 D = Turns resting spent in this place as a percentage of non-inter-level travel turns spent in this place.
 E = Turns spent auto-exploring this place as a percentage of non-inter-level travel turns spent in this place.
 F = Non-inter-level travel turns spent in this place divided by the number of levels of this place that you've seen.
                   A       B       C       D       E      F
               +-------+-------+-------+-------+-------+----------------------
         Total | 100.0 | 100.0 |   4.3 |  51.9 |  29.9 | 985.5
       Dungeon | 100.0 | 100.0 |   4.3 |  51.9 |  29.9 | 985.5
               +-------+-------+-------+-------+-------+----------------------
